Map: Shrines of Lizul

Players

Loken

  • Race: Zerg Zerg
  • League: Platinum
  • Spawn Location: 6:00

dallaskuken

  • Race: Protoss Protoss
  • League: Platinum
  • Spawn Location: 9:00

GriekerSK

  • Race: Zerg Zerg
  • League: Diamond
  • Spawn Location: 12:00

Cress

  • Race: Protoss Protoss
  • League: Gold
  • Spawn Location: 3:00

VOD

Have the link to the VOD?

Description

Time

  • Played on: March 28, 2017, 5:27 p.m.
  • Length: 15:01
Show
View Real Time Build Order
Export as new Build Order

Loken Zerg 

Build Orders: Pool First 

Get SALT Encoding   

  12  0:01  Drone  
  13  0:09  Drone  
  14  0:18  Overlord  
  14  0:25  Extractor  
  14  0:27  Drone  
  14  0:37  Drone  
  14  0:38  Drone  
  16  0:52  Spawning Pool  
  16  0:53  Drone  
  17  0:57  Drone  
  17  1:06  Drone  
  18  1:17  Overlord  
  18  1:30  Drone  
  19  1:38  Queen  
  21  1:40  Drone  
  21  1:44  Roach Warren  
  21  1:48  Overlord  
  21  1:59  Drone  
  22  2:32  Roach x2  
  26  2:40  Roach  
  28  2:49  Roach  
  28  2:50  Hatchery, Roach x3  
  35  2:57  Overlord  
  35  3:19  Roach x3  
  43  3:20  Roach  
  43  3:28  Queen  
  43  3:32  Metabolic Boost  
  45  4:03  Drone x3  
  45  4:04  Drone x3  
  51  4:21  Roach  
  51  4:22  Roach x2  
  41  4:29  Spine Crawler  
  34  4:33  Spine Crawler, Queen  
  35  4:47  Spine Crawler  
  35  4:50  Spine Crawler  
  33  4:55  Drone  
  33  4:56  Drone x4  
  38  5:18  Roach  
  38  5:19  Roach x4  
  42  5:44  Spine Crawler  
  42  5:46  Spine Crawler  
  42  5:48  Drone x6  
  44  6:26  Roach  
  44  6:27  Roach x3  
  52  6:40  Extractor  
  52  6:42  Overlord x3  
  52  6:43  Overlord  
  51  6:49  Lair  
  51  6:57  Spore Crawler  
  52  7:08  Roach  
  52  7:11  Zergling x2  
  52  7:12  Zergling x10  
  58  7:19  Drone  
  59  7:42  Zergling x12  
  65  7:55  Drone x4, Evolution Chamber  
  65  7:56  Evolution Chamber  
  67  8:01  Extractor  
  67  8:03  Extractor  
  65  8:09  Hatchery  
  65  8:10  Queen  
  66  8:18  Zergling x6  
  66  8:19  Zergling x4  
  72  8:27  Drone x7  
  78  8:36  Zerg Melee Weapons Level 1  
  78  8:37  Zerg Ground Armor Level 1  
  78  8:47  Unknown  
  78  8:53  Spire  
  78  8:54  Spore Crawler  
  61  9:31  Roach  
  61  9:32  Roach x9  
  79  9:50  Infestation Pit  
  79  9:52  Zergling x2  
  79  9:53  Zergling x10  
  79  9:55  Zergling x2  
  78  10:52  Hatchery  
  78  10:55  Hatchery, Zergling x2  
  78  10:56  Zergling x8  
  81  10:58  Overlord  
  81  10:59  Overlord x5  
  81  11:17  Hive  
  74  12:04  Spine Crawler x2  
  74  12:05  Spine Crawler  
  74  12:08  Spine Crawler  
  70  12:10  Spine Crawler  
  7  14:00  Zergling x2  
  7  14:01  Zergling x46  
  7  14:02  Zergling x8  
Show
View Real Time Build Order
Export as new Build Order

dallaskuken Protoss 

Build Orders: Oracle Opening 

Get SALT Encoding   

  12  0:02  Probe (Chrono Boost)  
  13  0:12  Probe (Chrono Boost)  
  14  0:20  Pylon  
  14  0:23  Probe (Chrono Boost)  
  15  0:38  Probe (Chrono Boost)  
  16  0:43  Gateway  
  16  0:47  Assimilator  
  16  0:56  Probe (Chrono Boost)  
  17  1:07  Probe (Chrono Boost)  
  18  1:16  Assimilator  
  18  1:17  Probe (Chrono Boost)  
  19  1:28  Probe (Chrono Boost)  
  20  1:32  Cybernetics Core  
  20  1:35  Pylon  
  20  1:40  Probe (Chrono Boost)  
  20  1:46  Zealot  
  23  1:54  Probe (Chrono Boost)  
  24  2:02  Pylon  
  24  2:04  Probe (Chrono Boost)  
  25  2:22  Stargate  
  27  2:30  Sentry  
  27  3:00  Nexus  
  27  3:04  Oracle  
  30  4:12  Void Ray  
  31  4:33  Probe (Chrono Boost)  
  31  4:36  Pylon  
  31  4:38  Pylon  
  32  4:40  Forge  
  32  4:43  Probe (Chrono Boost)  
  32  4:44  Warp Gate  
  25  4:54  Probe (Chrono Boost)  
  25  5:05  Probe (Chrono Boost)  
  25  5:11  Void Ray  
  23  5:15  Probe (Chrono Boost)  
  28  5:31  Probe (Chrono Boost)  
  29  5:36  Pylon  
  29  5:37  Pylon  
  29  5:41  Probe (Chrono Boost)  
  30  5:54  Void Ray  
  29  6:31  Void Ray  
  29  6:38  Stargate, Probe (Chrono Boost)  
  34  6:41  Stargate  
  34  6:50  Probe (Chrono Boost)  
  34  6:52  Nexus  
  36  7:02  Probe (Chrono Boost)  
  35  7:21  Probe (Chrono Boost)  
  33  7:30  Void Ray  
  33  7:33  Pylon, Probe (Chrono Boost)  
  39  7:45  Probe (Chrono Boost)  
  39  7:57  Probe (Chrono Boost), Void Ray  
  44  8:05  Probe (Chrono Boost)  
  45  8:10  Probe (Chrono Boost)  
  46  8:15  Probe (Chrono Boost)  
  47  8:22  Probe (Chrono Boost)  
  47  8:26  Probe (Chrono Boost)  
  49  8:34  Probe (Chrono Boost)  
  50  8:46  Probe (Chrono Boost)  
  39  9:11  Void Ray  
  39  9:12  Probe (Chrono Boost)  
  44  9:17  Void Ray  
  44  9:23  Probe (Chrono Boost)  
  49  9:33  Probe (Chrono Boost)  
  42  9:42  Void Ray  
  42  9:44  Probe (Chrono Boost)  
  47  9:50  Assimilator  
  47  9:52  Assimilator  
  47  9:55  Probe (Chrono Boost)  
  48  10:35  Void Ray  
  48  10:41  Void Ray  
  52  10:59  Probe (Chrono Boost)  
  52  11:03  Void Ray  
  57  11:10  Probe (Chrono Boost)  
  58  11:19  Void Ray  
  58  11:20  Probe (Chrono Boost)  
  63  11:31  Probe (Chrono Boost)  
  66  11:32  Mothership Core (Chrono Boost)  
  66  11:41  Probe (Chrono Boost)  
  66  11:43  Void Ray  
  71  11:52  Probe (Chrono Boost)  
  52  12:24  Void Ray  
  42  12:30  Void Ray x2  
Show
View Real Time Build Order
Export as new Build Order

GriekerSK Zerg 

Build Orders: Hatch First 

Get SALT Encoding   

  12  0:01  Drone  
  13  0:13  Overlord  
  13  0:18  Drone  
  14  0:31  Drone x2  
  16  0:36  Drone  
  17  0:46  Drone  
  18  1:05  Hatchery  
  18  1:10  Spawning Pool  
  16  1:13  Drone  
  17  1:22  Drone x2  
  19  1:27  Extractor  
  19  1:29  Drone  
  19  1:41  Drone  
  20  1:51  Overlord  
  20  1:57  Queen  
  22  2:10  Zergling x2  
  22  2:13  Zergling x2  
  24  2:17  Queen  
  24  2:19  Drone  
  27  2:33  Zergling x4  
  29  2:39  Metabolic Boost  
  29  2:46  Zergling x6  
  29  2:50  Drone  
  33  3:04  Zergling x4  
  35  3:09  Overlord x2  
  34  3:29  Zergling x4  
  34  3:30  Zergling x12  
  42  3:45  Zergling x10  
  32  4:21  Drone x4  
  32  4:22  Drone x3  
  32  4:23  Drone x2  
  34  4:43  Zergling x4  
  34  4:44  Zergling x4  
  38  4:54  Spore Crawler  
  38  4:57  Zergling x6  
  38  4:58  Zergling x4  
  42  5:07  Queen  
  44  5:15  Drone x4  
  45  5:40  Overlord x3  
  44  5:48  Queen  
  40  6:11  Lair  
  40  6:14  Drone x3  
  40  6:15  Drone x7  
  43  6:31  Overlord x2  
  43  6:34  Extractor  
  42  6:40  Zergling x4  
  42  6:41  Zergling x6  
  42  6:46  Spore Crawler  
  46  7:13  Hydralisk Den  
  46  7:15  Drone  
  46  7:17  Zergling x12  
  46  7:18  Zergling x4  
  54  7:24  Extractor  
  54  7:26  Extractor  
  52  7:30  Spore Crawler  
  51  7:40  Overseer  
  51  7:48  Muscular Augments  
  51  7:49  Hydralisk x2  
  51  7:50  Hydralisk  
  57  7:59  Overlord x2  
  57  8:01  Zergling x8  
  57  8:02  Zergling x8  
  65  8:09  Roach Warren  
  65  8:11  Drone, Evolution Chamber  
  64  8:40  Zerg Missile Weapons Level 1  
  64  8:42  Hydralisk x3  
  64  8:43  Hydralisk x5  
  65  9:26  Hydralisk x5  
  73  10:02  Drone x2  
  73  10:03  Drone x7  
  77  10:48  Queen  
  77  10:49  Drone x7  
  86  10:53  Drone x4  
  86  10:54  Drone  
  91  11:17  Overlord x3  
  91  11:53  Hydralisk x4  
  91  11:54  Hydralisk x2  
  97  12:00  Spore Crawler  
  102  12:02  Hydralisk x5  
  89  12:47  Roach x4  
  89  12:48  Roach x6  
Show
View Real Time Build Order
Export as new Build Order

Cress Protoss 

Build Orders: Oracle Opening 

Get SALT Encoding   

  12  0:01  Probe (Chrono Boost)  
  13  0:11  Probe (Chrono Boost)  
  14  0:19  Pylon  
  14  0:23  Probe (Chrono Boost)  
  15  0:41  Gateway, Probe (Chrono Boost)  
  16  0:50  Assimilator  
  16  0:52  Probe (Chrono Boost)  
  17  1:02  Probe (Chrono Boost)  
  18  1:13  Probe (Chrono Boost)  
  19  1:23  Pylon, Probe (Chrono Boost), Assimilator  
  20  1:31  Cybernetics Core  
  20  1:34  Probe (Chrono Boost)  
  21  1:44  Probe (Chrono Boost)  
  22  1:52  Warp Gate  
  22  1:55  Probe (Chrono Boost)  
  23  2:07  Probe (Chrono Boost)  
  24  2:11  Nexus  
  24  2:18  Stalker  
  24  2:19  Probe (Chrono Boost)  
  27  2:32  Probe (Chrono Boost)  
  28  2:39  Pylon  
  29  2:44  Probe (Chrono Boost)  
  29  2:49  Stargate  
  29  2:53  Stalker  
  32  2:59  Probe (Chrono Boost)  
  32  3:06  Pylon  
  32  3:09  Pylon  
  32  3:11  Probe (Chrono Boost)  
  33  3:35  Gateway  
  33  3:37  Gateway  
  33  3:40  Oracle  
  36  3:46  Probe (Chrono Boost)  
  37  3:56  Probe (Chrono Boost)  
  38  4:07  Probe (Chrono Boost)  
  37  4:39  Protoss Air Weapons Level 1  
  37  4:49  Stalker  
  37  4:50  Stalker x2  
  43  5:13  Stalker  
  43  5:14  Stalker x2  
  47  5:17  Probe (Chrono Boost)  
  47  5:19  Mothership Core (Chrono Boost)  
  52  5:21  Assimilator  
  52  5:24  Assimilator  
  52  5:28  Probe (Chrono Boost)  
  53  5:38  Probe (Chrono Boost)  
  54  5:53  Stalker x3  
  60  6:08  Probe (Chrono Boost)  
  61  6:19  Probe (Chrono Boost)  
  62  6:26  Nexus  
  62  6:27  Stalker x2  
  62  6:28  Stalker  
  62  6:29  Probe (Chrono Boost)  
  69  6:40  Probe (Chrono Boost)  
  69  6:41  Protoss Air Armor Level 1  
  70  6:57  Pylon  
  70  6:59  Pylon  
  70  7:01  Pylon  
  70  7:03  Pylon  
  70  7:05  Pylon  
  71  7:15  Probe (Chrono Boost)  
  71  7:19  Stalker  
  71  7:20  Stalker x2  
  74  7:26  Probe (Chrono Boost)  
  74  7:29  Forge  
  75  7:30  Twilight Council  
  75  7:37  Stargate  
  75  7:39  Stargate  
  75  7:41  Probe (Chrono Boost)  
  75  7:42  Stargate  
  75  7:44  Probe (Chrono Boost)  
  77  7:52  Probe (Chrono Boost)  
  77  7:53  Stalker  
  77  7:54  Stalker x2, Probe (Chrono Boost)  
  77  7:55  Assimilator  
  77  7:58  Assimilator  
  85  8:02  Probe (Chrono Boost)  
  85  8:05  Probe (Chrono Boost)  
  87  8:11  Protoss Shields Level 1  
  87  8:13  Probe (Chrono Boost)  
  87  8:14  Pylon  
  87  8:15  Pylon  
  87  8:16  Probe (Chrono Boost)  
  87  8:17  Stalker, Pylon x2  
  87  8:18  Stalker x2  
  87  8:19  Pylon  
  95  8:21  Pylon  
  95  8:23  Pylon  
  95  8:25  Pylon  
  95  8:29  Void Ray x3  
  107  8:44  Probe (Chrono Boost)  
  108  8:53  Stalker  
  108  8:54  Stalker x2  
  108  8:55  Fleet Beacon  
  115  8:56  Probe (Chrono Boost)  
  115  9:08  Probe (Chrono Boost)  
  116  9:20  Probe (Chrono Boost)  
  117  9:27  Void Ray  
  117  9:28  Void Ray x3  
  134  9:32  Probe (Chrono Boost)  
  134  9:44  Probe (Chrono Boost)  
  135  10:26  Void Ray x3  
  135  10:27  Void Ray  
  151  10:29  Stalker, Protoss Air Weapons Level 2  
  151  10:30  Stalker x2  
  157  10:50  Anion Pulse-Crystals  
  156  11:40  Void Ray x4  
  172  12:27  Protoss Air Armor Level 2  
  172  12:32  Void Ray  
  172  12:33  Void Ray x3  
Tags
 
Add a new tag
Caveats
  • Supply blocks, unpowered buildings, or Contaminate may cause inaccurate times.
  • Supply counts are checked every 10 seconds.